 Dungeon Crawl Stone Soup version 0.31-a0-217-g58bb5d79cf (webtiles) character file.

Game seed: 13308941570959000456

223882 qw the Crack Shot (level 18, -1/182 HPs)
             Began as a Minotaur Hexslinger on July 2, 2023.
             Was an Elder of Okawaru.
             Killed from afar by a spriggan air mage (35 damage)
             ... with a bolt of lightning
             ... in a wizard's laboratory.
             The game lasted 00:15:22 (28490 turns).

qw the Crack Shot (Minotaur Hexslinger)            Turns: 28490, Time: 00:15:22

Health: -1/182     AC: 32    Str: 13    XL:     18   Next: 57%
Magic:  0/24       EV: 27    Int: 10    God:    Okawaru [****..]
Gold:   872        SH:  0    Dex: 22    Spells: 18/19 levels left

rFire   + + .        Y - +6 triple crossbow (elec)
rCold   . . .        (shield currently unavailable)
rNeg    . . .        v - +4 swamp dragon scales of Mysticism {rPois SInv}
rPois   +            p - +2 hat of the Shrike {*Slow rF++ rC+ Regen+}
rElec   .            (no cloak)
rCorr   .            u - +2 pair of gloves {Dex+3}
SInv    +            r - +4 pair of boots of Midwinter {SInv}
Will    ++...        h - amulet of faith
Stlth   +++          q - ring of willpower
HPRegen 1.30/turn    d - +4 ring of protection
MPRegen 0.19/turn

%: slow self (1%), faith
@: heroic
A: horns 2, retaliatory headbutt, weak 1, cold vulnerability 1
}: 1/15 runes: barnacled
a: Renounce Religion, Heroism, Finesse


You were in a wizard's laboratory.
You worshipped Okawaru.
Okawaru was greatly pleased with you.
You visited 6 branches of the dungeon, and saw 31 of its levels.
You visited the Abyss 1 time.
You visited 1 bazaar.
You also visited: Wizlab.

You collected 3340 gold pieces.
You spent 2468 gold pieces at shops.


Innate Abilities, Weirdness & Mutations

You have a pair of horns on your head.
You reflexively headbutt those who attack you in melee.
You are weak. (Str -2)
You are vulnerable to cold. (rC-)


   Skills:
 - Level 21.0(26.0) Fighting
 - Level 22.0(27) Ranged Weapons
 + Level 12.6(17.6) Armour
 - Level 18.0(23.0) Dodging
 - Level 1.0 Spellcasting
 - Level 2.0 Hexes
 - Level 10.0 Invocations


You had 18 spell levels left.
You knew the following spells:

 Your Spells              Type           Power      Damage    Failure   Level
a - Slow                  Hex            16%        N/A       24%         1

Your spell library contained the following spells:

 Spells                   Type           Power      Damage    Failure   Level
 Inner Flame              Hex/Fire       2%         N/A       73%         3
 Portal Projectile        Hex/Tloc       4%         N/A       73%         3
 Cause Fear               Hex            2%         N/A       94%         4

Inventory:

Hand Weapons
 Y - a +6 triple crossbow of electrocution (weapon)
Armour
 o - the +3 ring mail "Iluwke" {Will- Dex+6 SInv}
   (You found it on level 5 of the Lair of Beasts)

   Dex:       It affects your dexterity (+6).
   SInv:      It lets you see invisible.
   Will:      It decreases your willpower.
 p - the +2 hat of the Shrike (worn) {*Slow rF++ rC+ Regen+}
   (Okawaru gifted it to you on level 13 of the Dungeon)

   rF:        It greatly protects you from fire.
   rC:        It protects you from cold.
   Regen:     It increases your rate of health regeneration.
   *Slow:     It may slow you when you take damage.
 r - the +4 pair of boots of Midwinter (worn) {SInv}
   (You found it on level 13 of the Dungeon)

   SInv:      It lets you see invisible.
 u - a +2 pair of gloves of dexterity (worn)
 v - the +4 swamp dragon scales of Mysticism (worn) {rPois SInv}
   (Okawaru gifted it to you on level 2 of the Vaults)

   rPois:     It protects you from poison.
   SInv:      It lets you see invisible.
Jewellery
 d - a +4 ring of protection (right hand)
 h - an amulet of faith (around neck)
 i - the ring "Liubae" {Fire rPois Will- rCorr Int+2}
   (You bought it in a shop on level 2 of the Orcish Mines)

   [ring of fire]

   It enhances your fire magic.
   Int:       It affects your intelligence (+2).
   rF:        It protects you from fire.
   rC:        It makes you vulnerable to cold.
   rPois:     It protects you from poison.
   rCorr:     It protects you from acid and corrosion.
   Will:      It decreases your willpower.
 n - a ring of resist corrosion
 q - a ring of willpower (left hand)
 t - an amulet of the acrobat
 w - a ring of protection from cold
Wands
 s - a wand of digging (11)
Scrolls
 a - 23 scrolls of identify
 c - 5 scrolls of teleportation
 k - 2 scrolls of enchant armour
Potions
 e - 9 potions of curing
 f - 6 potions of haste
 g - 2 potions of heal wounds
 j - 7 potions of mutation
 l - 4 potions of might
 m - 4 potions of enlightenment

Dungeon Overview and Level Annotations

Branches:
Dungeon (15/15)            Temple (0/1) D:5            Lair (5/5) D:11
 Shoals (4/4) Lair:3       Spider (3/4) Lair:3        Slime (0/5) Lair:4
    Orc (2/2) D:10            Elf (0/3) Orc:2        Vaults (2/5) D:13
 Depths (0/4) D:15         WizLab (1/1)
  Crypt: Vaults:2-3

Altars:
Elyvilon
Hepliaklqana
Kikubaaqudgha
Makhleb
Okawaru
Qazlal
Ru
Sif Muna
Trog
Vehumet
Wu Jian
Xom
Yredelemnul
The Shining One
Jiyva
Lugonu

Shops:
D:3 (   D:14 *   Orc:1 [*   Orc:2 ***=   Shoals:1 [

Portals:
Abyss: Lair:5

Annotations:
D:4 1 runed translucent door, Crazy Yiuf
D:6 2 runed translucent doors, qw's ghost, novice GrFi
D:10 2 transporters
Lair:3 2 transporters, qw's ghost, journeyman GrFi
Shoals:4 exclusion: merfolk
Spider:3 1 runed translucent door, qw's ghost, adept GrFi


Message History

The vampire mage misses you. The hell knight completely misses you.
The spriggan air mage completely misses you.
You furiously retaliate!
You headbutt the spriggan air mage. You shoot a bolt.
The bolt completely misses the spriggan air mage.
The hell knight invokes the aid of its god against you.
The bolt of fire misses you.
The deep elf knight hits you with a +2 antimagic scimitar!
The vampire mage hits you but does no damage.
The spriggan air mage hits you but does no damage.
You shoot a bolt.
The bolt barely misses the spriggan air mage.
The hell knight hits you from afar with a +2 antimagic halberd!
The deep elf knight hits you with a +2 antimagic scimitar!
The vampire mage misses you.
The vampire mage completely misses you. x2
The hell knight mumbles some strange prayers to its god against you.
The bolt of fire hits you. You resist.
The spriggan air mage hits you but does no damage.
You shoot a bolt.
The bolt completely misses the spriggan air mage.
The hell knight calls down the wrath of its god upon you.
The bolt of fire hits you. You resist.
The deep elf knight completely misses you.
You furiously retaliate!
You headbutt the deep elf knight.
The vampire mage hits you but does no damage.
The vampire mage mumbles some strange words.
The vampire mage flickers and vanishes for a moment.
The spriggan air mage barely misses you.
You shoot a bolt.
The bolt closely misses the deep elf knight.
The hell knight hits you from afar with a +2 antimagic halberd!
You feel your power leaking away.
The deep elf knight completely misses you.
The vampire mage completely misses you.
The vampire mage gestures at you while chanting.
The bolt of negative energy misses you.
The hell knight hits you from afar with a +2 antimagic halberd!
The spriggan air mage gestures at you while chanting.
The bolt of lightning hits you!!
You die...

.7# ..##. ..##
.....#.. . ...
.....#. ..#
..##... p#
..#..#..7..#
~~7....7..7..7.
~~~~7.#...p...e.
~~~~~~.#Vi)V7
~~~~~~...@e.7
7~~~~7.#...77
.7~~7.#....7
..........7 #..
#..#......7 #...
7..7.....##
#...77..77...##
#...7..7...##
#........##


You could see a hell knight (fast), 2 vampire magi, a deep elf knight
(invisible) and a spriggan air mage (repels missiles).

Vanquished Creatures
  Bai Suzhen (Shoals:3)
  Mlioglotl (Spider:3)
  A quicksilver dragon (WizLab)
  Frances (D:12)
  A kraken (Shoals:3)
  A tentacled starspawn (Abyss:3)
  Kirke (Lair:5)
  2 emperor scorpions (Spider:1)
  A ghost moth (Spider:3)
  Louise (Shoals:4)
  An ironbound preserver (Vaults:2)
  A very ugly thing (D:15)
  A vampire knight (D:13)
  A stone giant (D:15)
  A broodmother (Spider:2)
  7 dire elephants
  4 spark wasps
  5 merfolk impalers
  3 merfolk javelineers
  5 entropy weavers
  An entropy weaver (shapeshifter) (D:15)
  8 vault guards
  A yaktaur captain (Vaults:1)
  3 hydras
  2 ogre magi
  4 catoblepae
  2 radroaches
  4 merfolk avatars
  2 jorogumos
  7 centaur warriors
  2 satyrs (Shoals:3)
  13 two-headed ogres
  10 death yaks
  4 merfolk aquamancers (Shoals:4)
  3 death knights
  An alligator snapping turtle (Shoals:4)
  7 demonic crawlers
  6 boulder beetles
  Urug (Lair:1)
  6 orc high priests (Orc:2)
  2 thrashing horrors (Lair:5)
  5 skeletal warriors
  A salamander mystic (WizLab)
  4 deep trolls (Vaults:2)
  9 sea snakes
  4 sun moths
  5 skysharks
  7 pharaoh ants
  3 orb spiders
  5 lindwurms
  11 harpies
  10 orc knights
  2 wizards
  2 necromancers (D:13)
  2 spectral wolf spiders (D:13)
  An ironbound convoker (Vaults:2)
  2 starcursed masses (Abyss:3)
  A spectral ice dragon (D:13)
  8 deep elf pyromancers
  3 steelbarb worms (Spider:3)
  18 manticores
  14 wolf spiders
  7 fauns
  3 mana vipers (WizLab)
  29 ugly things
  2 oklob plants (Spider:1)
  8 moths of wrath
  A vault sentinel (Vaults:1)
  6 cyclopes
  2 centaur zombies (D:13)
  3 spectral centaurs (D:13)
  7 black mambas
  7 merfolk sirens
  An apocalypse crab (Abyss:3)
  A guardian serpent (shapeshifter) (Lair:5)
  A centaur skeleton (D:13)
  2 smoke demons
  5 water nymphs
  8 cane toads
  3 torpor snails
  A gargoyle (D:11)
  Maggie (D:7)
  An unseen horror (shapeshifter) (D:13)
  3 komodo dragons
  4 rime drakes
  2 unseen horrors (D:11)
  Psyche (D:8)
  A kobold demonologist (D:12)
  An efreet (D:14)
  15 freezing wraiths
  23 merfolk
  4 ancient zymes
  An ice devil (Abyss:3)
  7 trolls
  2 polar bears
  10 dream sheep
  9 snapping turtles
  7 wind drakes
  16 tarantellas
  A raiju (Abyss:3)
  12 slime creatures
  23 blink frogs
  A centaur simulacrum (D:13)
  38 jumping spiders
  3 vampires (D:13)
  2 ynoxinuls
  A flying skull (D:13)
  5 wraiths
  23 culicivoras
  A spriggan (shapeshifter) (D:15)
  Sigmund (D:6)
  7 water elementals
  6 wyverns
  2 large abominations (Lair:5)
  2 chaos spawn (Lair:5)
  15 yaks
  A yak (shapeshifter) (Lair:5)
  4 humans (Lair:5)
  A neqoxec (Abyss:3)
  A steam dragon (D:9)
  15 vampire mosquitoes
  49 redbacks
  A redback (shapeshifter) (Lair:5)
  6 basilisks
  2 wargs (Orc:1)
  An acid dragon (D:9)
  11 water moccasins
  6 hell hounds (D:13)
  25 orc warriors
  A spectral hornet (D:13)
  5 ice beasts
  3 black bears
  A sky beast (D:8)
  2 ice dragon simulacra (D:13)
  9 ogres
  14 centaurs
  A phantom (D:4)
  9 bullfrogs
  A kobold brigand (D:7)
  A gnoll sergeant (D:6)
  A scorpion (D:7)
  2 deep troll simulacra (D:13)
  A hornet simulacrum (D:13)
  7 wights
  4 killer bees (D:7)
  4 electric eels
  2 howler monkeys
  11 small abominations
  2 hounds (D:5)
  A quasit (Abyss:3)
  A gnoll bouda (D:6)
  27 orc priests
  A jelly (D:7)
  7 iguanas
  17 orc wizards
  6 hell rats (Lair:4)
  A boggart skeleton (D:13)
  9 gnolls (D:6)
  7 adders
  A shadow imp (D:5)
  A white imp (D:4)
  An ufetubus (Abyss:3)
  A worm (D:2)
  A dart slug (D:1)
  72 orcs
  5 endoplasms
  2 giant cockroaches
  9 hobgoblins
  3 quokkas
  8 ball pythons
  3 bats
  12 frilled lizards
  8 goblins
  2 goblin skeletons (D:5)
  A goblin zombie (D:5)
  2 hobgoblin zombies (D:5)
  10 kobolds
  3 orc zombies (D:5)
  8 rats
  A starspawn tentacle (Abyss:3)
  3 tentacles (Shoals:3)
1032 creatures vanquished.

Vanquished Creatures (others)
  A yak (Lair:3)
  A lurking horror (Abyss:3)
  A starspawn tentacle (Abyss:3)
  4 tentacles (Shoals:3)
7 creatures vanquished.

Grand Total: 1039 creatures vanquished

Notes
Turn   | Place    | Note
-------+----------+-------------------------------------------
     0 | D:1      | qw the Minotaur Hexslinger began the quest for the Orb.
     0 | D:1      | Reached XP level 1. HP: 16/16 MP: 1/1
     0 | D:1      | 0 ||| qw: Version: 0.3-a-40-ge99b1a8
     0 | D:1      | 0 ||| qw: Game counter: 2
     0 | D:1      | 0 ||| qw: Melee chars always use a shield: true
     0 | D:1      | 0 ||| qw: God list: Okawaru
     0 | D:1      | 0 ||| qw: Allow faded altars: false
     0 | D:1      | 0 ||| qw: Do Orc after clearing Dungeon:15 true
     0 | D:1      | 0 ||| qw: Do second Lair branch before Depths: true
     0 | D:1      | 0 ||| qw: Lair rune preference: random
     0 | D:1      | 0 ||| qw: Goals: Normal
     0 | D:1      | 0 ||| PLANNING D:1-11
    98 | D:1      | Reached skill level 3 in Ranged Weapons
    98 | D:1      | Reached XP level 2. HP: 23/23 MP: 2/2
   486 | D:1      | 486 ||| READING scroll labelled JYIRREIVAE.
   487 | D:1      | 487 ||| DROPPING scroll of poison.
   578 | D:2      | Reached XP level 3. HP: 29/29 MP: 3/3
   627 | D:2      | Reached skill level 4 in Ranged Weapons
  1065 | D:2      | 1065 ||| UPGRADING to +0 pair of gloves.
  1070 | D:2      | 1070 ||| UPGRADING to +0 leather armour.
  1080 | D:2      | 1080 ||| DROPPING +0 robe.
  1081 | D:2      | 1081 ||| DROPPING ring of flight.
  1082 | D:2      | 1082 ||| READING scroll labelled VADIWK ZIGICLI.
  1082 | D:2      | Identified a scroll of acquirement
  1082 | D:2      | 1082 ||| ACQUIRING +1 longbow of the Land of Plenty {drain,
                  | +Blink rF+ Int+4 Dex+3}
  1082 | D:2      | Acquired the +1 longbow of the Land of Plenty {drain,
                  | +Blink rF+ Int+4 Dex+3}
  1084 | D:2      | 1084 ||| SWAPPING to +1 longbow of the Land of Plenty
                  | {drain, +Blink rF+ Int+4 Dex+3}.
  1085 | D:2      | 1085 ||| DROPPING +1 sling.
  1086 | D:2      | 1086 ||| READING scroll labelled XEVUPECSUTH.
  1187 | D:2      | 1187 ||| DRINKING 2 glowing grey potions.
  1188 | D:2      | 1188 ||| READING 3 scrolls of identify.
  1188 | D:2      | 1188 ||| IDENTIFYING lumpy silvery potion
  1189 | D:2      | 1189 ||| READING 2 scrolls of identify.
  1189 | D:2      | 1189 ||| IDENTIFYING orange potion
  1283 | D:3      | Reached XP level 4. HP: 36/36 MP: 4/4
  1443 | D:3      | Identified the +2 plate armour "Riarroa" {Rampage}
  1455 | D:3      | Found Vethaur's Weapon Shop.
  1577 | D:3      | Found an iron altar of Okawaru.
  1578 | D:3      | 1578 ||| PLANNING OKAWARU WORSHIP
  1582 | D:3      | Reached skill level 5 in Ranged Weapons
  1597 | D:3      | 1597 ||| UPGRADING to +1 pair of boots.
  1602 | D:3      | 1602 ||| READING scroll labelled KODOISAXADGH.
  1603 | D:3      | 1603 ||| READING 2 scrolls labelled TICVUA FUNEE.
  1604 | D:3      | 1604 ||| READING scroll of enchant armour.
  1604 | D:3      | 1604 ||| ENCHANTING +0 pair of gloves.
  1605 | D:3      | 1605 ||| READING 2 scrolls of identify.
  1605 | D:3      | 1605 ||| IDENTIFYING lumpy clear potion
  1606 | D:3      | 1606 ||| DRINKING potion of experience.
  1606 | D:3      | Reached XP level 5. HP: 64/64 MP: 5/5
  1613 | D:3      | Became a worshipper of Warmaster Okawaru
  1614 | D:3      | 1614 ||| PLANNING D:1-11
  1720 | D:4      | Reached skill level 1 in Armour
  1732 | D:4      | Noticed a phantom
  1738 | D:4      | Killed a phantom
  1739 | D:4      | Reached XP level 6. HP: 72/72 MP: 6/6
  2276 | D:4      | Found a runed translucent door.
  2277 | D:4      | Noticed Crazy Yiuf
  2280 | D:4      | 2280 ||| UPGRADING to +2 leather armour of cold resistance.
  2290 | D:4      | 2290 ||| DROPPING scarf of invisibility.
  2291 | D:4      | 2291 ||| UPGRADING to +2 pair of boots.
  2301 | D:4      | 2301 ||| DROPPING +1 pair of boots.
  2302 | D:4      | 2302 ||| DROPPING +0 leather armour.
  2303 | D:4      | 2303 ||| READING scroll labelled SOSOSU RIUQ XAEHO.
  2431 | D:5      | Entered Level 5 of the Dungeon
  2492 | D:5      | Noticed a water moccasin
  2497 | D:5      | Killed a water moccasin
  2498 | D:5      | Reached skill level 6 in Ranged Weapons
  2536 | D:5      | Reached XP level 7. HP: 79/79 MP: 7/7
  2624 | D:5      | Found a glowing golden altar of the Shining One.
  2777 | D:5      | Found a staircase to the Ecumenical Temple.
  2792 | D:5      | Reached * piety under Okawaru
  2798 | D:5      | 2798 ||| INVOKING Heroism.
  2809 | D:5      | 2809 ||| FLEEEEING.
  2810 | D:5      | 2810 ||| FLEEEEING.
  2811 | D:5      | 2811 ||| FLEEEEING.
  2812 | D:5      | 2812 ||| FLEEEEING.
  2814 | D:5      | 2814 ||| STAIRDANCE
  2898 | D:4      | 2898 ||| UPGRADING to amulet of faith.
  3072 | D:5      | Reached skill level 7 in Ranged Weapons
  3164 | D:5      | 3164 ||| READING scroll labelled DEINICISKI.
  3165 | D:5      | 3165 ||| READING 3 scrolls of identify.
  3165 | D:5      | 3165 ||| IDENTIFYING bubbling purple potion
  3166 | D:5      | 3166 ||| READING 2 scrolls of identify.
  3166 | D:5      | 3166 ||| IDENTIFYING metallic yellow potion
  3167 | D:5      | 3167 ||| DROPPING potion of degeneration.
  3195 | D:6      | Reached skill level 3 in Dodging
  3205 | D:6      | Reached skill level 1 in Invocations
  3503 | D:6      | Reached XP level 8. HP: 86/86 MP: 8/8
  3536 | D:6      | Found a basalt altar of Yredelemnul.
  3622 | D:6      | 3622 ||| INVOKING Heroism.
  3644 | D:6      | 3644 ||| INVOKING Heroism.
  3647 | D:6      | 3647 ||| Stepping ~*~*~tactically~*~*~ (outnumbered).
  3650 | D:6      | 3650 ||| Stepping ~*~*~tactically~*~*~ (outnumbered).
  3651 | D:6      | 3651 ||| Stepping ~*~*~tactically~*~*~ (outnumbered).
  3652 | D:6      | 3652 ||| Stepping ~*~*~tactically~*~*~ (outnumbered).
  3656 | D:6      | 3656 ||| FLEEEEING.
  3657 | D:6      | 3657 ||| INVOKING Heroism.
  3660 | D:6      | Reached skill level 3 in Invocations
  3706 | D:6      | 3706 ||| INVOKING Heroism.
  3709 | D:6      | Reached skill level 8 in Ranged Weapons
  3765 | D:6      | Found a radiant altar of Vehumet.
  3823 | D:6      | Found a runed translucent door.
  3826 | D:6      | Noticed qw's ghost (novice GrFi)
  3865 | D:6      | Noticed Sigmund
  3873 | D:6      | Killed Sigmund
  3873 | D:6      | Reached ** piety under Okawaru
  3909 | D:6      | Found a runed translucent door.
  4032 | D:6      | 4032 ||| READING 3 scrolls of identify.
  4032 | D:6      | 4032 ||| IDENTIFYING bubbling golden potion
  4033 | D:6      | 4033 ||| READING 2 scrolls of identify.
  4033 | D:6      | 4033 ||| IDENTIFYING silvery potion
  4034 | D:6      | 4034 ||| DROPPING potion of invisibility.
  4035 | D:6      | 4035 ||| DROPPING potion of ambrosia.
  4195 | D:7      | 4195 ||| FLEEEEING.
  4273 | D:7      | Reached XP level 9. HP: 92/93 MP: 11/11
  4359 | D:7      | 4359 ||| INVOKING Heroism.
  4362 | D:7      | Reached skill level 9 in Ranged Weapons
  4526 | D:7      | Noticed Maggie
  4529 | D:7      | 4529 ||| INVOKING Heroism.
  4533 | D:7      | Killed Maggie
  4789 | D:7      | Reached *** piety under Okawaru
  4891 | D:7      | 4891 ||| INVOKING Heroism.
  4919 | D:7      | 4919 ||| READING scroll labelled ENOAXKUICK.
  4920 | D:7      | 4920 ||| READING scroll labelled WYGROS IFUFEH.
  4921 | D:7      | 4921 ||| READING 4 scrolls of identify.
  4921 | D:7      | 4921 ||| IDENTIFYING smoky green potion
  4922 | D:7      | 4922 ||| READING 3 scrolls of identify.
  4922 | D:7      | 4922 ||| IDENTIFYING smoky ruby potion
  4923 | D:7      | 4923 ||| READING 2 scrolls of identify.
  4923 | D:7      | 4923 ||| IDENTIFYING sedimented coppery potion
  4946 | D:8      | 4946 ||| INVOKING Heroism.
  4948 | D:8      | Noticed Psyche
  4949 | D:8      | 4949 ||| Stepping ~*~*~tactically~*~*~ (outnumbered).
  4950 | D:8      | 4950 ||| Stepping ~*~*~tactically~*~*~ (outnumbered).
  4958 | D:8      | Killed Psyche
  4988 | D:8      | Reached skill level 10 in Ranged Weapons
  5066 | D:8      | 5066 ||| INVOKING Heroism.
  5296 | D:8      | 5296 ||| INVOKING Heroism.
  5395 | D:8      | Found an ancient bone altar of Kikubaaqudgha.
  5397 | D:8      | 5397 ||| READING scroll labelled ATTEYTICZY.
  5411 | D:8      | 5411 ||| INVOKING Heroism.
  5417 | D:8      | 5417 ||| DRINKING 2 potions of curing.
  5417 | D:8      | 5417 ||| (to cure confusion)
  5497 | D:8      | 5497 ||| READING scroll labelled PAMPESU KIYPP.
  5498 | D:8      | 5498 ||| READING 3 scrolls of identify.
  5498 | D:8      | 5498 ||| IDENTIFYING puce potion
  5499 | D:8      | 5499 ||| DROPPING potion of attraction.
  5532 | D:9      | 5532 ||| INVOKING Heroism.
  5535 | D:9      | Reached XP level 10. HP: 101/101 MP: 9/12
  5671 | D:9      | Noticed a two-headed ogre
  5672 | D:9      | 5672 ||| INVOKING Heroism.
  5676 | D:9      | Killed a two-headed ogre
  5676 | D:9      | Reached **** piety under Okawaru
  5677 | D:9      | Reached skill level 11 in Ranged Weapons
  5679 | D:9      | Noticed a deep elf pyromancer
  5691 | D:9      | Killed a deep elf pyromancer
  5691 | D:9      | Reached ***** piety under Okawaru
  5863 | D:9      | 5863 ||| INVOKING Heroism.
  5869 | D:9      | 5869 ||| Stepping ~*~*~tactically~*~*~ (outnumbered).
  5939 | D:9      | Noticed a manticore
  5940 | D:9      | 5940 ||| INVOKING Heroism.
  5947 | D:9      | Killed a manticore
  5948 | D:9      | Reached skill level 12 in Ranged Weapons
  6055 | D:9      | 6055 ||| READING scroll of enchant armour.
  6055 | D:9      | 6055 ||| ENCHANTING +1 pair of gloves.
  6116 | D:9      | Found a sacrificial altar of Ru.
  6135 | D:9      | 6135 ||| INVOKING Heroism.
  6205 | D:9      | Found an ornate altar of the Wu Jian Council.
  6256 | D:9      | 6256 ||| INVOKING Heroism.
  6474 | D:9      | 6474 ||| UPGRADING to +0 troll leather armour.
  6484 | D:9      | 6484 ||| DROPPING +2 leather armour of cold resistance.
  6485 | D:9      | 6485 ||| DROPPING +0 steam dragon scales.
  6494 | D:10     | Entered Level 10 of the Dungeon
  6526 | D:10     | Found a staircase to the Orcish Mines.
  6526 | D:10     | Noticed a gargoyle
  6528 | D:10     | Found a transporter.
  6532 | D:10     | Found a transporter.
  6532 | D:10     | Noticed a tengu warrior
  6533 | D:10     | Noticed a boulder beetle
  6534 | D:10     | Noticed a two-headed ogre
  6534 | D:10     | Noticed a five-headed hydra
  6535 | D:10     | 6535 ||| INVOKING Heroism.
  6539 | D:10     | Killed a two-headed ogre
  6540 | D:10     | Reached skill level 3 in Armour
  6540 | D:10     | Reached skill level 6 in Invocations
  6716 | D:10     | Reached XP level 11. HP: 104/107 MP: 14/14
  6717 | D:10     | Noticed a deep elf pyromancer
  6723 | D:10     | Killed a deep elf pyromancer
  6723 | D:10     | Received a gift from Okawaru
  6730 | D:10     | 6730 ||| DROPPING +2 heavy longbow.
  6948 | D:10     | Found a burning altar of Makhleb.
  6955 | D:10     | Found a hazy altar of Hepliaklqana.
  7098 | D:10     | Found a stormy altar of Qazlal.
  7262 | D:11     | Reached skill level 6 in Dodging
  7631 | D:11     | Noticed a deep elf pyromancer
  7642 | D:11     | Killed a deep elf pyromancer
  7646 | D:11     | 7646 ||| INVOKING Heroism.
  7685 | D:11     | Noticed a death yak
  7686 | D:11     | 7686 ||| INVOKING Heroism.
  7687 | D:11     | 7687 ||| INVOKING Finesse.
  7691 | D:11     | Noticed a death yak
  7696 | D:11     | Killed a death yak
  7698 | D:11     | Killed a death yak
  7727 | D:11     | Noticed a death yak
  7728 | D:11     | 7728 ||| INVOKING Heroism.
  7738 | D:11     | Killed a death yak
  7739 | D:11     | Reached skill level 13 in Ranged Weapons
  7785 | D:11     | Found a staircase to the Lair.
  7863 | D:11     | 7863 ||| INVOKING Heroism.
  7887 | D:11     | 7887 ||| UPGRADING to ring of willpower.
  7888 | D:11     | 7888 ||| Stepping randomly (disturbance).
  7919 | D:11     | 7919 ||| Stepping randomly (disturbance).
  7920 | D:11     | 7920 ||| Stepping randomly (disturbance).
  7921 | D:11     | 7921 ||| Stepping randomly (disturbance).
  8107 | D:11     | 8107 ||| PLANNING LAIR
  8151 | Lair:1   | Entered Level 1 of the Lair of Beasts
  8151 | Lair:1   | Noticed a boulder beetle
  8152 | Lair:1   | 8152 ||| INVOKING Heroism.
  8153 | Lair:1   | 8153 ||| INVOKING Finesse.
  8165 | Lair:1   | Killed a boulder beetle
  8174 | Lair:1   | 8174 ||| INVOKING Heroism.
  8181 | Lair:1   | Reached skill level 9 in Invocations
  8301 | Lair:1   | 8301 ||| INVOKING Heroism.
  8346 | Lair:1   | Received a gift from Okawaru
  8347 | Lair:1   | Reached XP level 12. HP: 115/115 MP: 16/18
  8364 | Lair:1   | Noticed Urug
  8365 | Lair:1   | 8365 ||| INVOKING Heroism.
  8366 | Lair:1   | 8366 ||| INVOKING Finesse.
  8378 | Lair:1   | Killed Urug
  8694 | Lair:1   | 8694 ||| UPGRADING to ring of willpower.
  8835 | Lair:2   | 8835 ||| INVOKING Heroism.
  8916 | Lair:2   | Reached skill level 14 in Ranged Weapons
  9104 | Lair:2   | 9104 ||| INVOKING Heroism.
  9127 | Lair:2   | Identified the +1 robe of Subjectivity {*Corrode Dex+9}
                  | (Okawaru gifted it to you on level 2 of the Lair of Beasts)
  9127 | Lair:2   | Received a gift from Okawaru
  9176 | Lair:2   | 9176 ||| INVOKING Heroism.
  9505 | Lair:2   | 9505 ||| UPGRADING to +1 robe of Subjectivity {*Corrode
                  | Dex+9}.
  9515 | Lair:2   | 9515 ||| DROPPING +0 troll leather armour.
  9516 | Lair:2   | 9516 ||| UPGRADING to +2 pair of gloves of dexterity.
  9526 | Lair:2   | 9526 ||| DROPPING +2 pair of gloves.
  9527 | Lair:2   | 9527 ||| READING 2 scrolls labelled JADUHE XIDEHEC.
  9528 | Lair:2   | 9528 ||| READING 7 scrolls of identify.
  9528 | Lair:2   | 9528 ||| IDENTIFYING coppery potion
  9529 | Lair:2   | 9529 ||| DROPPING potion of brilliance.
  9530 | Lair:2   | 9530 ||| DROPPING scroll of blinking.
  9724 | Lair:3   | Found a transporter.
  9727 | Lair:3   | Noticed qw's ghost (journeyman GrFi)
  9738 | Lair:3   | Found a transporter.
  9766 | Lair:3   | Noticed a boulder beetle
  9797 | Lair:3   | Found a hole to the Spider Nest.
  9799 | Lair:3   | 9799 ||| INVOKING Finesse.
  9956 | Lair:3   | 9956 ||| INVOKING Heroism.
 10055 | Lair:3   | 10055 ||| INVOKING Heroism.
 10084 | Lair:3   | Reached skill level 9 in Dodging
 10205 | Lair:3   | 10205 ||| INVOKING Heroism.
 10207 | Lair:3   | 10207 ||| Stepping ~*~*~tactically~*~*~ (outnumbered).
 10207 | Lair:3   | Found a staircase to the Shoals.
 10376 | Lair:3   | Noticed a catoblepas
 10377 | Lair:3   | 10377 ||| INVOKING Heroism.
 10387 | Lair:3   | 10387 ||| Stepping ~*~*~tactically~*~*~ (cloud).
 10391 | Lair:3   | 10391 ||| Stepping ~*~*~tactically~*~*~ (cloud).
 10397 | Lair:3   | Killed a catoblepas
 10522 | Lair:3   | Noticed a death yak
 10522 | Lair:3   | Noticed a death yak
 10522 | Lair:3   | Noticed a death yak
 10523 | Lair:3   | 10523 ||| INVOKING Heroism.
 10526 | Lair:3   | Noticed a death yak
 10529 | Lair:3   | Killed a death yak
 10533 | Lair:3   | Killed a death yak
 10537 | Lair:3   | Killed a death yak
 10538 | Lair:3   | Reached skill level 15 in Ranged Weapons
 10538 | Lair:3   | 10538 ||| INVOKING Finesse.
 10548 | Lair:3   | Killed a death yak
 10795 | Lair:4   | Noticed a death yak
 10795 | Lair:4   | Found a staircase to the Slime Pits.
 10795 | Lair:4   | Found a viscous altar of Jiyva.
 10796 | Lair:4   | 10796 ||| INVOKING Heroism.
 10799 | Lair:4   | Noticed a death yak
 10804 | Lair:4   | Reached XP level 13. HP: 122/122 MP: 16/19
 10809 | Lair:4   | 10809 ||| INVOKING Finesse.
 11255 | Lair:4   | Reached skill level 16 in Ranged Weapons
 11371 | Lair:4   | 11371 ||| UPGRADING to +4 ring of protection.
 11373 | Lair:4   | 11373 ||| DROPPING ring of willpower.
 11374 | Lair:4   | 11374 ||| READING 8 scrolls of identify.
 11374 | Lair:4   | 11374 ||| IDENTIFYING black potion
 11375 | Lair:4   | 11375 ||| DROPPING potion of lignification.
 11391 | Lair:5   | Entered Level 5 of the Lair of Beasts
 11441 | Lair:5   | 11441 ||| INVOKING Heroism.
 11538 | Lair:5   | Received a gift from Okawaru
 11651 | Lair:5   | 11651 ||| INVOKING Heroism.
 11663 | Lair:5   | Noticed Kirke
 11664 | Lair:5   | 11664 ||| INVOKING Finesse.
 11671 | Lair:5   | Killed Kirke
 11830 | Lair:5   | 11830 ||| INVOKING Heroism.
 11889 | Lair:5   | 11889 ||| INVOKING Heroism.
 11914 | Lair:5   | Identified the +0 chain mail of the Stone Wall {*Corrode
                  | rElec Int+4} (Okawaru gifted it to you on level 5 of the
                  | Lair of Beasts)
 11914 | Lair:5   | Received a gift from Okawaru
 11929 | Lair:5   | Reached skill level 17 in Ranged Weapons
 11934 | Lair:5   | Identified the +3 ring mail "Iluwke" {Will- Dex+6 SInv}
 12108 | Lair:5   | Found a corrupted altar of Lugonu.
 12108 | Lair:5   | Found a one-way gate to the infinite horrors of the Abyss.
 12202 | Lair:5   | Reached skill level 12 in Dodging
 12480 | Lair:5   | 12480 ||| PLANNING D
 12480 | Lair:5   | 12480 ||| UPGRADING to +3 ring mail "Iluwke" {Will- Dex+6
                  | SInv}.
 12490 | Lair:5   | 12490 ||| DROPPING +1 robe of Subjectivity {*Corrode
                  | Dex+9}.
 12491 | Lair:5   | 12491 ||| READING scroll labelled JEOFRY OTAZUC.
 12651 | D:12     | 12651 ||| INVOKING Heroism.
 12716 | D:12     | 12716 ||| INVOKING Heroism.
 12717 | D:12     | 12717 ||| INVOKING Finesse.
 12765 | D:12     | Noticed Frances
 12766 | D:12     | 12766 ||| INVOKING Heroism.
 12778 | D:12     | 12778 ||| INVOKING Finesse.
 12785 | D:12     | Killed Frances
 12786 | D:12     | Reached skill level 6 in Armour
 13165 | D:13     | 13165 ||| INVOKING Heroism.
 13171 | D:13     | 13171 ||| Stepping ~*~*~tactically~*~*~ (cloud).
 13175 | D:13     | Reached XP level 14. HP: 129/129 MP: 18/20
 13197 | D:13     | 13197 ||| Stepping ~*~*~tactically~*~*~ (outnumbered).
 13199 | D:13     | 13199 ||| Stepping ~*~*~tactically~*~*~ (outnumbered).
 13201 | D:13     | 13201 ||| Stepping ~*~*~tactically~*~*~ (outnumbered).
 13320 | D:13     | Identified the +4 pair of boots of Midwinter {SInv}
 13322 | D:13     | Identified the +1 war axe "Ontimah" {venom, MP+9 Dex+2}
 13344 | D:13     | Reached skill level 18 in Ranged Weapons
 13350 | D:13     | 13350 ||| INVOKING Heroism.
 13365 | D:13     | 13365 ||| FLEEEEING.
 13366 | D:13     | 13366 ||| FLEEEEING.
 13368 | D:13     | 13368 ||| FLEEEEING.
 13369 | D:13     | 13369 ||| FLEEEEING.
 13370 | D:13     | 13370 ||| STAIRDANCE
 13560 | D:12     | 13560 ||| UPGRADING to +4 pair of boots of Midwinter
                  | {SInv}.
 13570 | D:12     | 13570 ||| DROPPING +2 pair of boots.
 13575 | D:13     | 13575 ||| STAIRDANCE
 13577 | D:12     | 13577 ||| INVOKING Heroism.
 13579 | D:12     | HP: 28/126 [two-headed ogre/+0 giant club (14)]
 13580 | D:12     | 13580 ||| READING 5 scrolls of teleportation.
 13581 | D:12     | 13581 ||| DRINKING potion of heal wounds.
 13712 | D:12     | 13712 ||| FLEEEEING.
 13713 | D:12     | 13713 ||| FLEEEEING.
 13714 | D:12     | 13714 ||| FLEEEEING.
 13715 | D:12     | 13715 ||| FLEEEEING.
 13716 | D:12     | 13716 ||| FLEEEEING.
 13717 | D:12     | 13717 ||| FLEEEEING.
 13718 | D:12     | 13718 ||| FLEEEEING.
 13719 | D:12     | 13719 ||| FLEEEEING.
 13723 | D:12     | 13723 ||| STAIRDANCE
 13792 | D:12     | 13792 ||| STAIRDANCE
 13796 | D:11     | 13796 ||| INVOKING Heroism.
 13922 | D:13     | Found a gate to the Vaults.
 14037 | D:13     | 14037 ||| FLEEEEING.
 14048 | D:13     | 14048 ||| FLEEEEING.
 14127 | D:13     | Received a gift from Okawaru
 14133 | D:13     | 14133 ||| INVOKING Heroism.
 14344 | D:13     | Reached skill level 19 in Ranged Weapons
 14480 | D:13     | 14480 ||| Stepping ~*~*~tactically~*~*~ (outnumbered).
 14666 | D:13     | 14666 ||| Stepping ~*~*~tactically~*~*~ (outnumbered).
 14692 | D:13     | 14692 ||| INVOKING Heroism.
 14693 | D:13     | HP: 7/129 [deep troll simulacrum (27)]
 14694 | D:13     | 14694 ||| READING 5 scrolls of teleportation.
 15085 | D:13     | 15085 ||| Stepping ~*~*~tactically~*~*~ (water).
 15112 | D:13     | Identified the +2 hat of the Shrike {*Slow rF++ rC+ Regen+}
                  | (Okawaru gifted it to you on level 13 of the Dungeon)
 15112 | D:13     | Received a gift from Okawaru
 15248 | D:13     | 15248 ||| INVOKING Heroism.
 15261 | D:13     | HP: 25/129 [vampire/vampiric draining (15)]
 15262 | D:13     | 15262 ||| READING 4 scrolls of teleportation.
 15263 | D:13     | HP: 10/129 [vampire/vampiric draining (15)]
 15265 | D:13     | 15265 ||| FLEEEEING.
 15266 | D:13     | 15266 ||| FLEEEEING.
 15267 | D:13     | 15267 ||| FLEEEEING.
 15682 | D:13     | 15682 ||| INVOKING Heroism.
 15706 | D:13     | Found a basalt altar of Yredelemnul.
 15706 | D:13     | Noticed a vampire knight
 15717 | D:13     | Killed a vampire knight
 15725 | D:13     | Reached skill level 20 in Ranged Weapons
 15790 | D:13     | Identified the +5 dire flail of the Sheltering Gods {venom,
                  | MP-9 Int+5}
 15791 | D:13     | Identified the +6 shortbow of Suc Yhepn {freeze, Will-
                  | Str+6 Int+7}
 15927 | D:13     | 15927 ||| UPGRADING to +2 hat of the Shrike {*Slow rF++ rC+
                  | Regen+}.
 15932 | D:13     | 15932 ||| READING scroll labelled FUENTO WYECK.
 16103 | D:14     | Identified the +1 robe "Guhouzxo" {Str+3}
 16172 | D:14     | Reached XP level 15. HP: 138/138 MP: 21/21
 16427 | D:14     | 16427 ||| INVOKING Heroism.
 16504 | D:14     | Found Kouvic's Assorted Antiques.
 16507 | D:14     | 16507 ||| BUYING brass wand (152 gold).
 16507 | D:14     | Bought a brass wand for 152 gold pieces
 16507 | D:14     | 16507 ||| BUYING potion of enlightenment (190 gold).
 16507 | D:14     | Bought a potion of enlightenment for 190 gold pieces
 16507 | D:14     | 16507 ||| BUYING short bronze wand (152 gold).
 16507 | D:14     | Bought a short bronze wand for 152 gold pieces
 16629 | D:14     | 16629 ||| Stepping ~*~*~tactically~*~*~ (outnumbered).
 16637 | D:14     | Received a gift from Okawaru
 16659 | D:14     | 16659 ||| INVOKING Heroism.
 16939 | D:14     | 16939 ||| DROPPING scarf of shadows.
 16940 | D:14     | 16940 ||| READING scroll labelled LOM DIJ QEOKK.
 16941 | D:14     | 16941 ||| DROPPING wand of polymorph (3).
 16975 | D:15     | Entered Level 15 of the Dungeon
 16976 | D:15     | Received a gift from Okawaru
 17056 | D:15     | 17056 ||| INVOKING Heroism.
 17106 | D:15     | Found a staircase to the Depths.
 17107 | D:15     | 17107 ||| INVOKING Heroism.
 17118 | D:15     | Reached skill level 15 in Fighting
 17124 | D:15     | Received a gift from Okawaru
 17220 | D:15     | Found a white marble altar of Elyvilon.
 17264 | D:15     | 17264 ||| Stepping ~*~*~tactically~*~*~ (outnumbered).
 17380 | D:15     | 17380 ||| INVOKING Finesse.
 17466 | D:15     | Found a frozen archway.
 17524 | Abyss:3  | Cast into level 3 of the Abyss (a wizard)
 17545 | Abyss:3  | Found a corrupted altar of Lugonu.
 17598 | Abyss:3  | Noticed a tentacled starspawn
 17603 | Abyss:3  | Killed a tentacled starspawn
 17843 | Abyss:3  | 17843 ||| Stepping ~*~*~tactically~*~*~ (outnumbered).
 17884 | Abyss:3  | Gained mutation: You have hidden genetic defects. [a
                  | neqoxec]
 17959 | D:15     | Escaped the Abyss
 18085 | D:15     | Found a shimmering blue altar of Sif Muna.
 18230 | D:15     | 18230 ||| PLANNING ORC
 18353 | Orc:1    | Entered Level 1 of the Orcish Mines
 18369 | Orc:1    | 18369 ||| INVOKING Heroism.
 18377 | Orc:1    | Reached skill level 9 in Armour
 18404 | Orc:1    | Found Gajuk's Antique Armour Shop.
 18414 | Orc:1    | 18414 ||| BUYING glowing scarf (288 gold).
 18414 | Orc:1    | Bought a glowing scarf for 288 gold pieces
 18430 | Orc:1    | 18430 ||| INVOKING Heroism.
 18435 | Orc:1    | Received a gift from Okawaru
 18436 | Orc:1    | 18436 ||| Stepping ~*~*~tactically~*~*~ (outnumbered).
 18437 | Orc:1    | 18437 ||| Stepping ~*~*~tactically~*~*~ (outnumbered).
 18463 | Orc:1    | 18463 ||| SWAPPING to +2 triple crossbow of draining.
 18464 | Orc:1    | 18464 ||| READING scroll of enchant weapon.
 18464 | Orc:1    | 18464 ||| ENCHANTING +2 triple crossbow of draining.
 18659 | Orc:1    | 18659 ||| DROPPING scarf of shadows.
 18686 | Orc:2    | Entered Level 2 of the Orcish Mines
 18828 | Orc:2    | 18828 ||| INVOKING Heroism.
 18832 | Orc:2    | 18832 ||| Stepping ~*~*~tactically~*~*~ (outnumbered).
 18853 | Orc:2    | 18853 ||| Stepping ~*~*~tactically~*~*~ (outnumbered).
 18858 | Orc:2    | 18858 ||| INVOKING Heroism.
 18900 | Orc:2    | 18900 ||| Stepping ~*~*~tactically~*~*~ (outnumbered).
 18910 | Orc:2    | 18910 ||| INVOKING Heroism.
 18912 | Orc:2    | Gained mutation: You are weak. (Str -2) [hidden defects]
 18915 | Orc:2    | 18915 ||| Stepping ~*~*~tactically~*~*~ (outnumbered).
 18916 | Orc:2    | 18916 ||| Stepping ~*~*~tactically~*~*~ (outnumbered).
 18923 | Orc:2    | 18923 ||| Stepping ~*~*~tactically~*~*~ (outnumbered).
 18943 | Orc:2    | Received a gift from Okawaru
 18945 | Orc:2    | Reached XP level 16. HP: 57/151 MP: 22/22
 18951 | Orc:2    | 18951 ||| Stepping ~*~*~tactically~*~*~ (outnumbered).
 18951 | Orc:2    | HP: 35/151 [orc priest/divine providence (15)]
 18952 | Orc:2    | 18952 ||| READING 3 scrolls of teleportation.
 18954 | Orc:2    | 18954 ||| INVOKING Heroism.
 19109 | Orc:2    | Found a staircase to the Elven Halls.
 19162 | Orc:1    | Found Waorph's Gadget Gallery.
 19167 | Orc:1    | 19167 ||| BUYING wand of digging (4) (285 gold).
 19167 | Orc:1    | Bought a wand of digging (4) for 285 gold pieces
 19418 | Orc:2    | 19418 ||| Stepping ~*~*~tactically~*~*~ (outnumbered).
 19543 | Orc:2    | 19543 ||| INVOKING Heroism.
 19569 | Orc:2    | 19569 ||| INVOKING Heroism.
 19582 | Orc:2    | 19582 ||| Stepping ~*~*~tactically~*~*~ (outnumbered).
 19613 | Orc:2    | Found Japanun's General Store.
 19615 | Orc:2    | Found Atue's General Store.
 19618 | Orc:2    | Found Ecirode's Assorted Antiques.
 19619 | Orc:2    | Found Lupsayna's Jewellery Shoppe.
 19623 | Orc:2    | 19623 ||| BUYING potion of heal wounds (60 gold).
 19623 | Orc:2    | Bought a potion of heal wounds for 60 gold pieces
 19623 | Orc:2    | 19623 ||| BUYING ring "Liubae" {Fire rPois Will- rCorr
                  | Int+2} (501 gold).
 19623 | Orc:2    | Bought the ring "Liubae" {Fire rPois Will- rCorr Int+2} for
                  | 501 gold pieces
 19623 | Orc:2    | 19623 ||| BUYING scroll of teleportation (36 gold).
 19623 | Orc:2    | Bought a scroll of teleportation for 36 gold pieces
 19624 | Orc:2    | 19624 ||| BUYING scroll of teleportation (39 gold).
 19624 | Orc:2    | Bought a scroll of teleportation for 39 gold pieces
 19627 | Orc:2    | 19627 ||| BUYING 2 potions of mutation (480 gold).
 19627 | Orc:2    | Bought 2 potions of mutation for 480 gold pieces
 19628 | Orc:2    | 19628 ||| SHOPLISTING +6 ring of dexterity (612 gold, have
                  | 187).
 19628 | Orc:2    | 19628 ||| SHOPLISTING +6 ring of strength (612 gold, have
                  | 187).
 19628 | Orc:2    | 19628 ||| SHOPLISTING amulet of reflection (510 gold, have
                  | 187).
 19628 | Orc:2    | 19628 ||| SHOPLISTING amulet of the acrobat (510 gold, have
                  | 187).
 19628 | Orc:2    | 19628 ||| SHOPLISTING ring of protection from cold (425
                  | gold, have 187).
 19628 | Orc:2    | 19628 ||| SHOPLISTING ring of see invisible (255 gold, have
                  | 187).
 19713 | Orc:2    | 19713 ||| PLANNING SHOALS:1-3
 19888 | Shoals:1 | Entered Level 1 of the Shoals
 19980 | Shoals:1 | 19980 ||| Stepping ~*~*~tactically~*~*~ (water).
 19999 | Shoals:1 | Found a bloodstained altar of Trog.
 20003 | Shoals:1 | Reached skill level 21 in Ranged Weapons
 20065 | Shoals:1 | 20065 ||| INVOKING Heroism.
 20069 | Shoals:1 | Gained mutation: You are vulnerable to cold. (rC-) [hidden
                  | defects]
 20069 | Shoals:1 | Lost mutation: You have hidden genetic defects. [hidden
                  | defects expressed]
 20123 | Shoals:1 | 20123 ||| INVOKING Heroism.
 20209 | Shoals:1 | Found Xefrestu's Antique Armour Emporium.
 20254 | Shoals:1 | 20254 ||| SHOPLISTING glowing troll leather armour (774
                  | gold, have 229).
 20582 | Shoals:2 | 20582 ||| STAIRDANCE
 20596 | Shoals:2 | 20596 ||| STAIRDANCE
 20682 | Shoals:2 | 20682 ||| FLEEEEING.
 20683 | Shoals:2 | 20683 ||| FLEEEEING.
 20684 | Shoals:2 | 20684 ||| FLEEEEING.
 20685 | Shoals:2 | 20685 ||| FLEEEEING.
 20694 | Shoals:2 | 20694 ||| Stepping ~*~*~tactically~*~*~ (outnumbered).
 20700 | Shoals:2 | 20700 ||| INVOKING Heroism.
 20714 | Shoals:2 | 20714 ||| Stepping ~*~*~tactically~*~*~ (water).
 20719 | Shoals:2 | Received a gift from Okawaru
 20817 | Shoals:2 | Identified the +0 leather armour of Exclusion {Regen+
                  | Int+4}
 21318 | Shoals:2 | 21318 ||| INVOKING Heroism.
 21412 | Shoals:3 | 21412 ||| STAIRDANCE
 21438 | Shoals:3 | 21438 ||| STAIRDANCE
 21467 | Shoals:3 | 21467 ||| STAIRDANCE
 21471 | Shoals:2 | 21471 ||| INVOKING Heroism.
 21519 | Shoals:3 | Reached skill level 22 in Ranged Weapons
 21570 | Shoals:3 | 21570 ||| INVOKING Heroism.
 21572 | Shoals:3 | 21572 ||| Stepping ~*~*~tactically~*~*~ (water).
 21572 | Shoals:3 | Noticed a kraken
 21582 | Shoals:3 | 21582 ||| Stepping ~*~*~tactically~*~*~ (water).
 21583 | Shoals:3 | 21583 ||| Stepping ~*~*~tactically~*~*~ (water).
 21588 | Shoals:3 | Killed a kraken
 21610 | Shoals:3 | 21610 ||| INVOKING Heroism.
 21620 | Shoals:3 | 21620 ||| Stepping ~*~*~tactically~*~*~ (cloud).
 21626 | Shoals:3 | 21626 ||| Stepping ~*~*~tactically~*~*~ (cloud).
 21654 | Shoals:3 | 21654 ||| Stepping ~*~*~tactically~*~*~ (cloud).
 21655 | Shoals:3 | 21655 ||| Stepping ~*~*~tactically~*~*~ (cloud).
 21656 | Shoals:3 | 21656 ||| Stepping ~*~*~tactically~*~*~ (cloud).
 21657 | Shoals:3 | 21657 ||| Stepping ~*~*~tactically~*~*~ (cloud).
 21697 | Shoals:3 | 21697 ||| INVOKING Heroism.
 21700 | Shoals:3 | 21700 ||| Stepping ~*~*~tactically~*~*~ (water).
 21708 | Shoals:3 | 21708 ||| DROPPING ring of wizardry.
 21710 | Shoals:3 | 21710 ||| Stepping ~*~*~tactically~*~*~ (water).
 21712 | Shoals:3 | 21712 ||| Stepping ~*~*~tactically~*~*~ (water).
 21714 | Shoals:3 | 21714 ||| Stepping ~*~*~tactically~*~*~ (water).
 21715 | Shoals:3 | 21715 ||| INVOKING Heroism.
 21717 | Shoals:3 | 21717 ||| Stepping ~*~*~tactically~*~*~ (water).
 21719 | Shoals:3 | 21719 ||| Stepping ~*~*~tactically~*~*~ (water).
 21721 | Shoals:3 | 21721 ||| Stepping ~*~*~tactically~*~*~ (water).
 21723 | Shoals:3 | 21723 ||| Stepping ~*~*~tactically~*~*~ (water).
 21834 | Shoals:3 | 21834 ||| INVOKING Heroism.
 21837 | Shoals:3 | 21837 ||| Stepping ~*~*~tactically~*~*~ (outnumbered).
 21842 | Shoals:3 | 21842 ||| Stepping ~*~*~tactically~*~*~ (outnumbered).
 21843 | Shoals:3 | 21843 ||| Stepping ~*~*~tactically~*~*~ (outnumbered).
 21898 | Shoals:3 | Noticed Bai Suzhen
 21899 | Shoals:3 | 21899 ||| INVOKING Heroism.
 21910 | Shoals:3 | Killed Bai Suzhen
 21911 | Shoals:3 | Reached skill level 15 in Dodging
 21912 | Shoals:3 | 21912 ||| Stepping ~*~*~tactically~*~*~ (cloud).
 21988 | Shoals:3 | 21988 ||| Stepping ~*~*~tactically~*~*~ (outnumbered).
 21990 | Shoals:3 | 21990 ||| Stepping ~*~*~tactically~*~*~ (outnumbered).
 21992 | Shoals:3 | 21992 ||| Stepping ~*~*~tactically~*~*~ (outnumbered).
 21994 | Shoals:3 | 21994 ||| Stepping ~*~*~tactically~*~*~ (outnumbered).
 21996 | Shoals:3 | 21996 ||| Stepping ~*~*~tactically~*~*~ (outnumbered).
 21998 | Shoals:3 | 21998 ||| Stepping ~*~*~tactically~*~*~ (outnumbered).
 22044 | Shoals:3 | 22044 ||| FLEEEEING.
 22419 | Shoals:3 | 22419 ||| PLANNING SPIDER:1-3
 22566 | Spider:1 | Entered Level 1 of the Spider Nest
 22569 | Spider:1 | 22569 ||| STAIRDANCE
 22578 | Spider:1 | 22578 ||| STAIRDANCE
 22587 | Spider:1 | 22587 ||| STAIRDANCE
 22589 | Lair:3   | 22589 ||| INVOKING Heroism.
 22655 | Spider:1 | 22655 ||| STAIRDANCE
 22677 | Spider:1 | 22677 ||| INVOKING Heroism.
 22810 | Spider:1 | Reached skill level 18 in Fighting
 22831 | Spider:1 | 22831 ||| INVOKING Heroism.
 22833 | Spider:1 | 22833 ||| READING 4 scrolls of teleportation.
 22833 | Spider:1 | HP: 35/157 [wolf spider (14)]
 22834 | Spider:1 | 22834 ||| DRINKING potion of heal wounds.
 22838 | Spider:1 | HP: 26/157 [poisoned by a wolf spider]
 22843 | Spider:1 | HP: 26/157 [poisoned by a wolf spider]
 22880 | Spider:1 | 22880 ||| DRINKING potion of cancellation.
 22881 | Spider:1 | 22881 ||| INVOKING Heroism.
 22887 | Spider:1 | Reached XP level 17. HP: 81/163 MP: 21/23
 23022 | Spider:1 | 23022 ||| INVOKING Heroism.
 23189 | Spider:1 | 23189 ||| FLEEEEING.
 23191 | Spider:1 | 23191 ||| FLEEEEING.
 23192 | Spider:1 | 23192 ||| FLEEEEING.
 23195 | Spider:1 | 23195 ||| FLEEEEING.
 23196 | Spider:1 | 23196 ||| FLEEEEING.
 23197 | Spider:1 | 23197 ||| FLEEEEING.
 23198 | Spider:1 | 23198 ||| FLEEEEING.
 23199 | Spider:1 | 23199 ||| FLEEEEING.
 23200 | Spider:1 | 23200 ||| FLEEEEING.
 23201 | Spider:1 | 23201 ||| FLEEEEING.
 23202 | Spider:1 | 23202 ||| FLEEEEING.
 23203 | Spider:1 | 23203 ||| FLEEEEING.
 23204 | Spider:1 | 23204 ||| FLEEEEING.
 23205 | Spider:1 | 23205 ||| STAIRDANCE
 23209 | Spider:1 | 23209 ||| STAIRDANCE
 23342 | Spider:1 | 23342 ||| INVOKING Finesse.
 23474 | Spider:1 | 23474 ||| INVOKING Heroism.
 23586 | Spider:1 | 23586 ||| INVOKING Heroism.
 23746 | Spider:2 | 23746 ||| DRINKING 8 potions of curing.
 23746 | Spider:2 | 23746 ||| (to cure confusion)
 23927 | Spider:2 | 23927 ||| INVOKING Heroism.
 24095 | Spider:2 | Identified the +7 shortbow of the Nexus {speed, rElec
                  | rPois} (Okawaru gifted it to you on level 2 of the Spider
                  | Nest)
 24095 | Spider:2 | Received a gift from Okawaru
 24175 | Spider:2 | 24175 ||| INVOKING Heroism.
 24460 | Spider:2 | You fall into a shaft and drop 1 floor!
 24516 | Spider:3 | 24516 ||| INVOKING Heroism.
 24548 | Spider:3 | 24548 ||| READING scroll labelled OSEONA RI ENEI.
 24983 | Spider:3 | 24983 ||| INVOKING Heroism.
 25058 | Spider:3 | 25058 ||| INVOKING Heroism.
 25089 | Spider:3 | 25089 ||| INVOKING Heroism.
 25273 | Spider:3 | Noticed Mlioglotl
 25274 | Spider:3 | 25274 ||| INVOKING Heroism.
 25275 | Spider:3 | 25275 ||| INVOKING Finesse.
 25282 | Spider:3 | Killed Mlioglotl
 25473 | Spider:3 | 25473 ||| INVOKING Heroism.
 25494 | Spider:3 | 25494 ||| INVOKING Finesse.
 25544 | Spider:3 | Found a runed translucent door.
 25546 | Spider:3 | Found a shimmering altar of Xom.
 25546 | Spider:3 | Noticed qw's ghost (adept GrFi)
 25652 | Spider:3 | 25652 ||| INVOKING Finesse.
 25724 | Spider:3 | 25724 ||| INVOKING Heroism.
 25725 | Spider:3 | 25725 ||| Stepping ~*~*~tactically~*~*~ (outnumbered).
 25998 | Spider:3 | 25998 ||| INVOKING Heroism.
 26177 | Spider:3 | Identified the +4 dire flail of Courage {chaos, rC++}
 26183 | Spider:3 | 26183 ||| PLANNING SHOALS:4
 26382 | Shoals:4 | Entered Level 4 of the Shoals
 26386 | Shoals:4 | 26386 ||| INVOKING Heroism.
 26387 | Shoals:4 | 26387 ||| INVOKING Finesse.
 26414 | Shoals:4 | Reached XP level 18. HP: 102/178 MP: 18/24
 26498 | Shoals:4 | Got a barnacled rune of Zot
 26610 | Shoals:4 | 26610 ||| INVOKING Heroism.
 26612 | Shoals:4 | 26612 ||| INVOKING Finesse.
 26655 | Shoals:4 | Identified the +7 spear "Orb Guardian's Doom" {heavy, Drain
                  | Dex+6 SInv}
 26680 | Shoals:4 | 26680 ||| Stepping ~*~*~tactically~*~*~ (water).
 26711 | Shoals:4 | 26711 ||| Stepping ~*~*~tactically~*~*~ (outnumbered).
 26747 | Shoals:4 | Noticed Louise
 26752 | Shoals:4 | 26752 ||| INVOKING Heroism.
 26758 | Shoals:4 | Killed Louise
 26771 | Shoals:4 | 26771 ||| Stepping ~*~*~tactically~*~*~ (outnumbered).
 26773 | Shoals:4 | 26773 ||| Stepping ~*~*~tactically~*~*~ (outnumbered).
 26775 | Shoals:4 | 26775 ||| Stepping ~*~*~tactically~*~*~ (outnumbered).
 26778 | Shoals:4 | 26778 ||| Stepping ~*~*~tactically~*~*~ (water).
 26780 | Shoals:4 | 26780 ||| Stepping ~*~*~tactically~*~*~ (water).
 26782 | Shoals:4 | 26782 ||| Stepping ~*~*~tactically~*~*~ (water).
 26784 | Shoals:4 | 26784 ||| INVOKING Heroism.
 26864 | Shoals:4 | 26864 ||| INVOKING Heroism.
 26995 | Shoals:4 | Reached skill level 18 in Dodging
 27003 | Shoals:4 | Identified the +6 hand axe "Hydra's Death Toll" {flame,
                  | rN+}
 27032 | Shoals:4 | 27032 ||| INVOKING Heroism.
 27033 | Shoals:4 | 27033 ||| Stepping ~*~*~tactically~*~*~ (water).
 27034 | Shoals:4 | 27034 ||| INVOKING Finesse.
 27218 | Shoals:4 | 27218 ||| INVOKING Heroism.
 27241 | Shoals:4 | 27241 ||| Stepping ~*~*~tactically~*~*~ (water).
 27242 | Shoals:4 | 27242 ||| INVOKING Heroism.
 27388 | Shoals:4 | 27388 ||| Stepping ~*~*~tactically~*~*~ (water).
 27413 | Shoals:4 | 27413 ||| PLANNING VAULTS:1-4
 27413 | Shoals:4 | 27413 ||| DROPPING +2 pair of gloves.
 27674 | Vaults:1 | Entered Level 1 of the Vaults
 27675 | Vaults:1 | 27675 ||| PLANNING BAZAAR
 27831 | Vaults:1 | Paralysed by an ogre mage for 5 turns
 27913 | Vaults:1 | You fall into a shaft and drop 1 floor!
 27957 | Vaults:2 | Identified the +4 swamp dragon scales of Mysticism {rPois
                  | SInv} (Okawaru gifted it to you on level 2 of the Vaults)
 27957 | Vaults:2 | Received a gift from Okawaru
 27958 | Vaults:2 | Reached skill level 21 in Fighting
 28054 | Vaults:2 | 28054 ||| UPGRADING to +4 swamp dragon scales of Mysticism
                  | {rPois SInv}.
 28113 | Vaults:1 | 28113 ||| INVOKING Heroism.
 28166 | Vaults:1 | 28166 ||| INVOKING Heroism.
 28244 | Vaults:1 | Found a flickering gateway to a bazaar.
 28253 | Bazaar   | Entered a bazaar
 28255 | Bazaar   | Found Vuuxuxt's Weapon Boutique.
 28268 | Bazaar   | Found Migenueng's Antique Weapon Emporium.
 28277 | Bazaar   | Found Yrhium's Book Shop.
 28282 | Bazaar   | Found Woczeum's Magic Scroll Emporium.
 28285 | Bazaar   | Found Doca Hicuess's General Store.
 28290 | Bazaar   | 28290 ||| BUYING 3 scrolls of enchant weapon (225 gold).
 28290 | Bazaar   | Bought 3 scrolls of enchant weapon for 225 gold pieces
 28290 | Bazaar   | 28290 ||| BUYING scroll of teleportation (30 gold).
 28290 | Bazaar   | Bought a scroll of teleportation for 30 gold pieces
 28290 | Bazaar   | 28290 ||| READING 3 scrolls of enchant weapon.
 28290 | Bazaar   | 28290 ||| ENCHANTING +3 triple crossbow of electrocution.
 28291 | Bazaar   | 28291 ||| DROPPING +1 longbow of the Land of Plenty {drain,
                  | +Blink rF+ Int+4 Dex+3}.
 28292 | Bazaar   | 28292 ||| READING 2 scrolls of enchant weapon.
 28292 | Bazaar   | 28292 ||| ENCHANTING +4 triple crossbow of electrocution.
 28293 | Bazaar   | 28293 ||| READING scroll of enchant weapon.
 28293 | Bazaar   | 28293 ||| ENCHANTING +5 triple crossbow of electrocution.
 28300 | Bazaar   | 28300 ||| BUYING potion of curing (30 gold).
 28300 | Bazaar   | Bought a potion of curing for 30 gold pieces
 28321 | Vaults:1 | 28321 ||| PLANNING WIZLAB
 28379 | Vaults:2 | Reached skill level 12 in Armour
 28384 | Vaults:2 | 28384 ||| INVOKING Heroism.
 28442 | Vaults:2 | Found a magical portal.
 28451 | WizLab   | Entered Yara's Duelist Academy
 28476 | WizLab   | 28476 ||| Stepping ~*~*~tactically~*~*~ (outnumbered).
 28477 | WizLab   | 28477 ||| Stepping ~*~*~tactically~*~*~ (outnumbered).
 28480 | WizLab   | 28480 ||| Stepping ~*~*~tactically~*~*~ (outnumbered).
 28482 | WizLab   | 28482 ||| INVOKING Heroism.
 28490 | WizLab   | HP: 34/182 [hell knight/+2 antimagic halberd (17)]
 28490 | WizLab   | Killed from afar by a spriggan air mage

Levels and vault maps discovered:
D:1:      mrwooster_arrival_arrow, layout_basic, minmay_misc_feat_tiny,
          chequers_serial_rivers_small_b
D:2:      layout_loops_ring
D:3:      layout_rooms, lemuel_round_altar, serial_shops, shop,
          nicolae_concentric_dashed_squares_mild, minmay_fountain_box
D:4:      layout_basic, serial_aquarium, aquarium_bridge_straight
          [aquarium_subvault_bridge, aquarium_subvault_wall,
          aquarium_subvault_bridge, aquarium_subvault_window],
          aquarium_window_fake, aquarium_window_fake, aquarium_view_2c,
          aquarium_pool_five, uniq_crazy_yiuf_cottage
D:5:      layout_basic, nicolae_tso_besieged_by_evil, minmay_temple_entry_mist,
          minmay_lizard_king
D:6:      layout_loops_ring, lemuel_coloured_pillars_altar,
          nicolae_vehumet_radiance, ebering_ghost_sewer_f, uniq_sigmund
D:7:      layout_gridville, serial_bayou_pond_e, patterned_corridor, uniq_maggie
D:8:      layout_rooms, kennysheep_mini_moat, uniq_psyche
D:9:      layout_rooms, mainiacjoe_overflow_tiny_flanked,
          nicolae_ru_great_annihilating_truth
D:10:     layout_roguey, nicolae_qazlal_style_of_elements,
          gammafunk_temple_overflow_arena, orc_0_dummy
D:11:     layout_basic, dpeg_lair_monsters, lemuel_old_faithful
D:12:     layout_cave_pools, uniq_frances
D:13:     lemuel_vampire_tower, layout_basic, erik_vaults_2, chequers_arboretum,
          eino_tiny_chamber
D:14:     layout_basic, serial_shops, kennysheep_mini
D:15:     grunt_enter_depths_giant_problem, layout_long_grid,
          portal_ice_cave_entry_ugly_swarm, elyvilon_altar_3,
          kennysheep_orc_sif_temple
Lair:1:   layout_hall_layers, uniq_urug
Lair:2:   layout_gridlike, minmay_hedge_maze, lemuel_fruit_fields,
          lemuel_fruit_tree
Lair:3:   layout_long_grid, minmay_shoals_entry_beasts,
          nicolae_spider_entry_orb_guardian, gammafunk_ghost_berserking_beasts
Lair:4:   layout_concentric_octagons, slime_entry_1, lookout_lair_type,
          infiniplex_staircase_pool_2
Lair:5:   hellmonk_lair_end_abyssal_woods, layout_big_grid, grunt_megastairs_1,
          infiniplex_staircase_pool, uniq_kirke
Shoals:1: layout_shoals, serial_shops, shop, lemuel_altar_in_water
Shoals:2: layout_shoals
Shoals:3: nzn_motion_control, layout_shoals, uniq_bai_suzhen
Shoals:4: shoals_end_hangedman, layout_shoals, uniq_louise
Spider:1: spider_temple_joshua
Spider:2: layout_spider_delve, nicolae_spider_stair_cavern
Spider:3: nicolae_spider_hilbert_zone_2 [nicolae_spider_hilbert_4_sides_1_open,
          nicolae_spider_hilbert_4_sides_1_open,
          nicolae_spider_hilbert_4_sides_1_open,
          nicolae_spider_hilbert_4_sides_1_open,
          nicolae_spider_hilbert_6_sides_1_open,
          nicolae_spider_hilbert_6_sides_1_open,
          nicolae_spider_hilbert_3_sides_1_open,
          nicolae_spider_hilbert_3_sides_1_open,
          nicolae_spider_hilbert_3_sides_1_open,
          nicolae_spider_hilbert_3_sides_1_open,
          nicolae_spider_hilbert_6_sides_1_open,
          nicolae_spider_hilbert_6_sides_1_open,
          nicolae_spider_hilbert_6_sides_1_open,
          nicolae_spider_hilbert_6_sides_1_open], ebering_ghost_xom,
          nicolae_spider_baby_got_redback, uniq_mlioglotl
Orc:1:    layout_diamond_mine, serial_shops, nicolae_shop_hallway_plus,
          nicolae_shop_gadgets
Orc:2:    st_orc_pillars, layout_caves
Vaults:1: minmay_guarded_unrand_secular_launcher, grunt_vaults_bifocal,
          hangedman_vaults_pinch, vaults_room_door_hall, v_misc_17,
          hangedman_vaults_cutoff, vaults_room_grid,
          nicolae_vaults_network_quinsquares
          [nicolae_vaults_network_quincunx_subvault,
          nicolae_vaults_network_quincunx_subvault,
          nicolae_vaults_network_quincunx_subvault,
          nicolae_vaults_network_quincunx_subvault],
          nicolae_vaults_weapon_check, grunt_vaults_funnel,
          nicolae_vaults_offset_grid_hallway_1, nicolae_vaults_two_Ls,
          layout_vaults_omnigrid, serial_shops, bzr_in_the_mist
Vaults:2: mu_enter_wizlab_3, v_rooms_5, v_alt_pattern_2,
          minmay_guarded_unrand_guard_vaults, nicolae_vaults_house_2,
          vaults_room_semicircle, nicolae_vaults_asterisk,
          nicolae_vaults_closet_pinwheel_1, vaults_room_door_hall, v_pattern_4,
          layout_vaults_omnicross
WizLab:   wizlab_yara

Skill      XL: |  1  2  3  4  5  6  7  8  9 10 11 12 13 14 15 16 17 18 |
---------------+-------------------------------------------------------+-----
Ranged Weapons | 3 4 5 6 7 8 10 12 13 15 17 20 22 | 22.0
Fighting       | 2 13 14 16 18 20 21 | 21.0
Armour         | 1 2 3 4 6 8 9 11 12 | 12.6
Dodging        | 3 5 7 10 12 14 15 17 18 | 18.0
Invocations    | 1 4 6 9 10 | 10.0
Spellcasting   | |  1.0
Hexes          | |  2.0

Action                     |  1- 3 |  4- 6 |  7- 9 | 10-12 | 13-15 | 16-18 || total
---------------------------+-------+-------+-------+-------+-------+-------++-------
   Fire: Sling             |   111 |       |       |       |       |       ||   111
         Longbow           |    13 |    63 |   233 |   456 |  1138 |       ||  1903
         Triple crossbow   |       |       |       |       |   120 |  1096 ||  1216
 Invoke: Heroism           |       |       |    13 |    23 |    24 |    43 ||   103
         Finesse           |       |       |       |     5 |     5 |     7 ||    17
    Use: Scroll            |     5 |     5 |    13 |     3 |     8 |     6 ||    40
         Potion            |     1 |     1 |     1 |       |     1 |     3 ||     7
 Armour: Robe              |     6 |       |       |     2 |     7 |       ||    15
         Leather armour    |     1 |     4 |    30 |    14 |       |       ||    49
         Troll leather arm |       |       |       |    32 |       |       ||    32
         Ring mail         |       |       |       |       |   209 |   304 ||   513
         Swamp dragon scal |       |       |       |       |       |    30 ||    30
  Dodge: Dodged            |    30 |     8 |    70 |   111 |   695 |  1043 ||  1957

Table legend:
 A = Non-vault XP
 B = Vault XP
 C = Vault XP percentage of total XP
 D = Non-vault monster count
 E = Vault monster count
 F = Vault count percentage of total count
                 A         B        C        D         E       F
            +---------+---------+-------+---------+---------+-------
      Total |  212273 |  127294 |  37.5 |     698 |     327 |  31.9
            +---------+---------+-------+---------+---------+-------
        D:1 |      34 |       0 |   0.0 |      22 |       0 |   0.0
        D:2 |      42 |       0 |   0.0 |      16 |       0 |   0.0
        D:3 |      67 |       0 |   0.0 |      13 |       0 |   0.0
        D:4 |     252 |       0 |   0.0 |      18 |       0 |   0.0
        D:5 |     445 |      66 |  12.9 |      15 |      18 |  54.5
        D:6 |    1215 |     214 |  15.0 |      23 |       1 |   4.2
        D:7 |    1151 |     395 |  25.5 |      21 |       1 |   4.5
        D:8 |    1047 |     365 |  25.8 |      24 |       1 |   4.0
        D:9 |    4397 |      40 |   0.9 |      18 |       4 |  18.2
       D:10 |    1884 |       0 |   0.0 |       5 |       0 |   0.0
       D:11 |    3198 |    4535 |  58.6 |      10 |      10 |  50.0
       D:12 |    5167 |    2445 |  32.1 |      12 |       2 |  14.3
       D:13 |    7551 |   21566 |  74.1 |      23 |      52 |  69.3
       D:14 |   19886 |       0 |   0.0 |      46 |       0 |   0.0
       D:15 |   10250 |    7751 |  43.1 |      19 |      15 |  44.1
     Lair:1 |    4828 |     800 |  14.2 |      18 |       1 |   5.3
     Lair:2 |    4028 |       0 |   0.0 |      16 |       0 |   0.0
     Lair:3 |   11185 |    1914 |  14.6 |      31 |       4 |  11.4
     Lair:4 |    4617 |       0 |   0.0 |      17 |       0 |   0.0
     Lair:5 |    4591 |   11242 |  71.0 |      16 |      38 |  70.4
   Shoals:1 |   11197 |       0 |   0.0 |      26 |       0 |   0.0
   Shoals:2 |    9413 |       0 |   0.0 |      21 |       0 |   0.0
   Shoals:3 |   16890 |    6726 |  28.5 |      31 |       6 |  16.2
   Shoals:4 |    9276 |   20323 |  68.7 |      20 |      33 |  62.3
   Spider:1 |   10402 |   12548 |  54.7 |      25 |      25 |  50.0
   Spider:2 |   11399 |       0 |   0.0 |      26 |       0 |   0.0
   Spider:3 |   27799 |   13708 |  33.0 |      70 |      39 |  35.8
      Orc:1 |    5784 |       0 |   0.0 |      25 |       0 |   0.0
      Orc:2 |    2056 |   11964 |  85.3 |      28 |      64 |  69.6
   Vaults:1 |    9132 |    4330 |  32.2 |      18 |       5 |  21.7
   Vaults:2 |    7628 |    1626 |  17.6 |       9 |       2 |  18.2
    Abyss:3 |    5462 |       0 |   0.0 |      16 |       0 |   0.0
     WizLab |       0 |    4736 | 100.0 |       0 |       6 | 100.0
            +---------+---------+-------+---------+---------+-------
